 Dungeon Crawl Stone Soup version 0.28.0-1-gb440e238dd (webtiles) character file.

Game seed: 122510067743203937

313 croobank the Digger (level 6, -10/32 HPs)
             Began as a Gargoyle Earth Elementalist on Feb 24, 2022.
             Was an Initiate of Hepliaklqana.
             Mangled by a wyvern (13 damage)
             ... on level 4 of the Dungeon on Feb 25, 2022.
             The game lasted 00:22:47 (3717 turns).

croobank the Digger (Gargoyle Earth Elementalist)   Turns: 3717, Time: 00:22:48

Health: -10/32     AC:  8    Str: 12    XL:     6   Next: 43%
Magic:  3/10       EV: 12    Int: 17    God:    Hepliaklqana [......]
Gold:   84         SH:  0    Dex: 10    Spells: 7/11 levels left

rFire   + . .      SeeInvis .   g - +0 short sword
rCold   + . .      Faith    .   (no shield)
rNeg    + . .      Spirit   .   b - +0 robe
rPois   ∞          Reflect  .   s - +1 helmet
rElec   +          Harm     .   (no cloak)
rCorr   +          Rampage  .   (no gloves)
Will    .....                   (no boots)
Stlth   ++........              (no amulet)
HPRegen 0.10/turn               (no ring)
MPRegen 0.12/turn               (no ring)

@: brilliant, resistant, attractive, very slightly contaminated
A: sickness immunity, AC +4, negative energy resistance 1, electricity
resistance, torment resistance 1, petrification resistance
a: Renounce Religion


You were on level 4 of the Dungeon.
You worshipped Hepliaklqana.
Hepliaklqana was noncommittal.
You visited 2 branches of the dungeon, and saw 5 of its levels.

You collected 84 gold pieces.

Inventory:

Hand Weapons
 g - a +0 short sword (weapon)
 i - a +0 hunting sling
 t - a +0 falchion
Missiles
 c - 22 stones (quivered)
 k - 2 javelins
 o - a boomerang
 p - 23 arrows
Armour
 b - a +0 robe (worn)
 h - a +0 scale mail
 s - a +1 helmet (worn)
Wands
 r - a wand of iceblast (7)
Scrolls
 a - a scroll of teleportation
 d - a scroll of noise {unknown}
 f - 3 scrolls of fog {unknown}
Potions
 j - a potion of flight
 q - a potion of lignification
 u - a potion of cancellation


   Skills:
 + Level 2.7 Dodging
 + Level 3.8 Stealth
 + Level 3.1 Spellcasting
 + Level 0.7 Conjurations
 + Level 2.2 Transmutations
 + Level 5.0 Earth Magic


You had 7 spell levels left.
You knew the following spells:

 Your Spells              Type           Power      Damage    Failure   Level
a - Sandblast             Erth           58%        2d13      2%          1
b - Stone Arrow           Conj/Erth      36%        3d9       16%         3

Your spell library contained the following spells:

 Spells                   Type           Power      Damage    Failure   Level
 Passwall                 Tmut/Erth      18%        N/A       6%          2
 Animate Skeleton         Necr           6%         N/A       17%         1
 Apportation              Tloc           6%         N/A       17%         1
 Summon Small Mammal      Summ           12%        N/A       17%         1
 Corpse Rot               Necr/Air       6%         N/A       26%         2
 Petrify                  Tmut/Erth      22%        N/A       36%         4
 Dispel Undead            Necr           3%         3d7       86%         4
 Death Channel            Necr           1%         N/A       100%        6


Dungeon Overview and Level Annotations

Branches:
Dungeon (4/15)             Temple (1/1) D:4

Altars:
Ashenzari
Cheibriados
Dithmenos
Gozag
Hepliaklqana
Okawaru
Trog
Xom
Zin
The Shining One

Annotations:
D:3 Sigmund


Innate Abilities, Weirdness & Mutations

You are immune to sickness and miasma.
Your stone body is resilient. (AC +4)
You are immune to poison.
You resist negative energy. (rN+)
You are resistant to electric shocks. (rElec)
You are resistant to unholy torment.
You are immune to petrification.


Message History

Press: ? - help, Shift-Dir - straight line, f - wyvern
Aim: a wyvern (68% to hit)
You miscast Stone Arrow.
You are very lightly contaminated with residual magic.
Nothing appears to happen.
The wyvern bites you but does no damage.
Casting: Stone Arrow (quite dangerous; 16% risk of failure)
Confirm with . or Enter, or press ? or * to list all spells.
The spell is quite dangerous to miscast (16% risk of failure)!
Continue anyway?
Aiming: Stone Arrow (quite dangerous; 16% risk of failure)
Press: ? - help, Shift-Dir - straight line, f/p - wyvern
Aim: a wyvern (68% to hit)
The stone arrow hits the wyvern!
The wyvern is heavily wounded.
The wyvern bites you! x2
Casting: Stone Arrow (quite dangerous; 16% risk of failure)
Confirm with . or Enter, or press ? or * to list all spells.
The spell is quite dangerous to miscast (16% risk of failure)!
Continue anyway?
Okay, then.
Casting: Stone Arrow (quite dangerous; 16% risk of failure)
Confirm with . or Enter, or press ? or * to list all spells.
Aiming: Sandblast (safe; 2% risk of failure)
Press: ? - help, Shift-Dir - straight line, f/p - wyvern
Aim: a wyvern (heavily wounded, 79% to hit)
The blast of sand hits the wyvern!
The wyvern is severely wounded.
c - 22 stones The wyvern bites you!
* * * LOW HITPOINT WARNING * * *
It was a potion of brilliance.
You feel clever all of a sudden.
The wyvern bites you but does no damage.
The wyvern barely misses you.
It was a potion of resistance.
You feel protected. The wyvern closely misses you.
It was a potion of attraction.
You feel attractive to monsters. The wyvern barely misses you.
The wyvern bites you!
You die...

............... .
#...#...##....#
#'####.#.#...##....#####
....#........##....##...
......#.#...............
.................>......
.....#.⌠.#..............
...#.......#.....######.
#...⌠.@l⌠...#...######.
...#.......#............
.....#.⌠.#...#..........
.............#..........
....'.#.#....'....†.....
.##.#........#..#######.
#.##.#.######## #. .
.... ... ...


You could see a wyvern.

Vanquished Creatures
  A hound (D:4)
  3 orc priests
  Jessica (D:3)
  4 gnolls (D:2)
  5 adders
  A worm (D:2)
  6 dart slugs
  8 orcs
  8 ball pythons
  4 endoplasms
  4 giant cockroaches
  5 hobgoblins
  2 jackals (D:2)
  2 quokkas
  3 bats
  4 frilled lizards
  3 goblins (D:4)
  3 kobolds
  5 rats
72 creatures vanquished.

Notes
Turn   | Place    | Note
-------+----------+-------------------------------------------
     0 | D:1      | croobank the Gargoyle Earth Elementalist began the quest
                  | for the Orb.
     0 | D:1      | Reached XP level 1. HP: 10/10 MP: 3/3
   389 | D:1      | Reached skill level 1 in Transmutations
   389 | D:1      | Reached XP level 2. HP: 15/15 MP: 5/5
  1103 | D:2      | Reached XP level 3. HP: 13/19 MP: 6/6
  1258 | D:2      | Reached skill level 4 in Earth Magic
  1824 | D:2      | Reached XP level 4. HP: 24/24 MP: 4/7
  2335 | D:3      | Noticed Jessica
  2338 | D:3      | Killed Jessica
  2339 | D:3      | Reached XP level 5. HP: 28/28 MP: 5/9
  2524 | D:3      | Noticed Sigmund
  3222 | D:4      | Learned a level 3 spell: Stone Arrow
  3281 | D:4      | Reached XP level 6. HP: 27/32 MP: 0/10
  3424 | D:4      | Reached skill level 5 in Earth Magic
  3586 | D:4      | Found a staircase to the Ecumenical Temple.
  3602 | D:4      | Noticed a wyvern
  3607 | Temple   | Entered the Ecumenical Temple
  3703 | Temple   | Became a worshipper of Hepliaklqana the Forgotten
  3717 | D:4      | Mangled by a wyvern

Illustrated notes

Levels and vault maps discovered:
D:1:      dpeg_arrival_concentric_ovals, layout_basic
D:2:      layout_basic, chequers_serial_rivers_micro_d
D:3:      layout_rooms, basic_ecumenical_altar, uniq_jessica, uniq_sigmund
D:4:      layout_gridville, minmay_temple_entry_sparse_star, grunt_ministairs_10
Temple:   cyrus_circular_temple

Skill      XL: |  1  2  3  4  5  6 |
---------------+-------------------+-----
Transmutations | 1 2 |  2.2
Earth Magic    | 4 5 |  5.0
Dodging        | 2 |  2.7
Stealth        | 3 |  3.8
Spellcasting   | 3 |  3.1
Conjurations   | |  0.7

Action                   |  1- 3 |  4- 6 || total
-------------------------+-------+-------++-------
Melee: Unarmed           |    10 |       ||    10
       Short sword       |    78 |    28 ||   106
       Punch             |       |     1 ||     1
Throw: Stone             |     5 |     3 ||     8
 Cast: Sandblast         |    15 |    55 ||    70
       Stone Arrow       |       |     3 ||     3
  Use: Scroll            |       |     4 ||     4
       Potion            |       |     4 ||     4
 Stab: Sleeping          |     3 |     3 ||     6
Armor: Robe              |    46 |     9 ||    55
Dodge: Dodged            |    85 |    25 ||   110
